Map: Romanticide LE

Players

Vedogor

  • Race: Zerg Zerg
  • League: Diamond

YouGoudaLose - Winner!

  • Race: Terran Terran
  • League: Diamond

VOD

Have the link to the VOD?

Description

Time

  • Played on: June 1, 2021, 8:48 a.m.
  • Length: 23:37
Show
View Real Time Build Order
Export as new Build Order

Vedogor Zerg 

Build Orders: Pool First 

Get SALT Encoding   

  12  0:04  Drone  
  13  0:12  Overlord  
  13  0:17  Drone  
  14  0:31  Drone x2  
  16  0:37  Drone  
  17  0:46  Spawning Pool  
  17  0:48  Drone  
  17  0:59  Drone  
  18  1:12  Hatchery  
  18  1:16  Extractor  
  16  1:19  Drone  
  17  1:33  Zergling x4  
  17  1:36  Queen  
  21  1:42  Drone  
  22  1:52  Overlord  
  22  2:11  Drone  
  22  2:14  Queen  
  25  2:29  Hatchery  
  24  2:44  Queen  
  24  2:47  Drone x4  
  24  2:48  Drone x2  
  32  2:55  Metabolic Boost  
  32  3:06  Overlord  
  32  3:11  Spore Crawler  
  31  3:14  Spine Crawler  
  30  3:25  Queen, Spore Crawler  
  31  3:38  Drone x3  
  31  3:39  Drone x2  
  36  3:51  Drone x4  
  40  3:59  Queen  
  42  4:07  Pneumatized Carapace  
  42  4:13  Baneling Nest  
  42  4:14  Extractor, Drone x2  
  42  4:19  Overlord  
  42  4:28  Overlord  
  42  4:46  Drone x2  
  42  4:47  Drone  
  42  4:48  Drone x4  
  42  4:49  Drone x6  
  55  5:06  Extractor  
  54  5:07  Extractor, Lair  
  54  5:08  Drone x2  
  54  5:10  Drone x3  
  54  5:12  Overlord x2  
  58  5:27  Overlord x3  
  58  5:30  Queen  
  60  5:44  Drone x3  
  60  5:46  Drone x2, Evolution Chamber  
  60  5:47  Evolution Chamber  
  63  5:54  Evolution Chamber  
  63  5:55  Zergling x8  
  63  5:56  Zergling x8  
  62  6:20  Drone x2  
  62  6:21  Drone x5  
  61  6:31  Zergling x4  
  63  6:37  Spire  
  63  6:39  Spine Crawler  
  54  7:01  Spine Crawler  
  53  7:03  Zerg Melee Weapons Level 1  
  51  7:43  Spore Crawler  
  49  7:52  Mutalisk x4  
  49  7:53  Mutalisk x7  
  49  7:54  Mutalisk  
  49  7:57  Zergling x4  
  75  8:04  Queen  
  65  8:39  Mutalisk x4  
  69  9:00  Queen  
  71  9:04  Hatchery  
  71  9:05  Hatchery  
  61  9:25  Mutalisk x4  
  61  9:42  Zergling x6  
  61  9:43  Zergling x8  
  68  9:45  Overlord x2  
  68  9:46  Overlord  
  68  9:50  Zerg Flyer Weapons Level 1  
  68  10:04  Centrifical Hooks  
  68  10:10  Spore Crawler  
  67  10:27  Zergling x12  
  67  10:28  Zergling x12, Hatchery  
  77  10:30  Baneling x6  
  77  10:31  Baneling x2  
  77  10:32  Baneling  
  66  11:17  Mutalisk x4  
  66  11:18  Mutalisk  
  70  11:21  Zergling x8  
  70  11:22  Zergling x12  
  80  11:49  Mutalisk  
  80  11:50  Mutalisk x2  
  69  12:45  Zergling x2  
  69  12:46  Zergling x14, Nydus Network  
  69  12:47  Zergling x12  
  69  12:48  Zergling x12  
  69  12:49  Zergling x4  
  90  13:00  Hatchery  
  90  13:02  Hydralisk Den  
  88  13:43  Hatchery, Corruptor x3  
  88  13:44  Corruptor x2  
  97  13:54  Hatchery  
  96  13:59  Overseer  
  96  14:04  Drone x2  
  98  14:19  Muscular Augments  
  98  14:20  Spore Crawler  
  97  14:24  Lurker Den  
  96  14:33  Nydus Canal  
  96  14:46  Baneling  
  96  14:47  Baneling x7  
  96  14:48  Baneling x3  
  96  14:59  Nydus Canal  
  96  15:13  Mutalisk x4  
  92  15:30  Grooved Spines  
  66  15:53  Queen  
  56  16:05  Mutalisk x5  
  56  16:06  Mutalisk  
  68  16:13  Baneling x4  
  65  16:19  Overseer  
  54  16:44  Corruptor x2  
  58  16:51  Hatchery  
  56  17:12  Baneling x6  
  56  17:13  Baneling x6  
  56  17:14  Baneling x3  
  45  17:54  Drone  
  45  17:55  Drone x7  
  45  17:56  Drone  
  53  18:05  Corruptor  
  53  18:06  Extractor  
  53  18:07  Spore Crawler  
  53  18:22  Spore Crawler  
  53  18:26  Spine Crawler  
  50  18:37  Drone x3  
  53  18:53  Hatchery  
  52  18:57  Drone  
  53  19:11  Hydralisk x2  
  53  19:15  Hydralisk  
  59  19:49  Lurker  
  59  19:51  Spore Crawler  
  57  20:03  Mutalisk x4  
  57  20:04  Mutalisk x3  
  57  20:24  Hydralisk x4  
  54  20:46  Mutalisk x4  
  60  20:50  Drone x2  
  50  21:12  Drone x4  
  50  21:13  Drone x4  
  58  21:25  Drone x5  
  63  21:35  Extractor  
  62  21:43  Spore Crawler  
  62  21:45  Drone x4  
  62  21:46  Spine Crawler  
  64  21:49  Spore Crawler  
  63  21:58  Hydralisk x2  
  55  22:10  Drone x6  
  55  22:11  Drone  
  57  22:25  Drone x3  
Show
View Real Time Build Order
Export as new Build Order

YouGoudaLose Terran - Winner!

Build Orders: 2 Factory, Hellion Opening 

Get SALT Encoding   

  12  0:01  SCV  
  13  0:19  SCV  
  14  0:26  Supply Depot  
  14  0:31  SCV  
  15  0:37  Refinery  
  15  0:47  SCV  
  16  0:50  Barracks  
  16  1:00  SCV  
  17  1:12  SCV  
  17  1:14  Refinery  
  18  1:24  SCV  
  19  1:36  SCV  
  20  1:43  Supply Depot, Marine  
  21  1:48  SCV  
  22  1:54  Factory  
  22  1:58  Factory  
  22  2:00  SCV  
  23  2:04  Marine  
  24  2:12  SCV  
  24  2:37  Command Center  
  24  2:46  Orbital Command  
  24  2:50  Factory Tech Lab  
  24  2:53  Factory Reactor  
  24  3:02  Supply Depot  
  24  3:10  Infernal Pre-Igniter  
  24  3:15  Hellion  
  26  3:25  Marine  
  27  3:30  Hellion  
  27  3:31  Hellion  
  31  3:40  Supply Depot  
  31  3:53  Hellion x2  
  31  3:54  Hellion  
  37  3:56  SCV  
  37  4:00  SCV  
  39  4:12  Starport, SCV  
  40  4:20  Starport  
  40  4:28  Engineering Bay  
  40  4:32  Supply Depot  
  40  4:38  Hellion  
  42  4:43  Hellion  
  44  5:00  Hellion x2  
  44  5:04  Hellion  
  50  5:08  Planetary Fortress  
  50  5:15  Starport Tech Lab x2  
  50  5:24  Fusion Core  
  50  5:39  Viking  
  50  5:40  Viking  
  54  5:43  Hellion  
  54  5:44  Hellion  
  56  6:20  Fusion Core  
  56  7:08  Marine  
  57  7:10  Battlecruiser  
  57  7:11  Battlecruiser  
  57  7:15  SCV  
  70  7:39  Refinery  
  70  7:51  Refinery  
  70  7:59  SCV x2  
  68  8:11  SCV x2  
  67  8:23  SCV x2  
  68  8:35  SCV x2  
  68  8:37  Liberator x2  
  70  8:46  Missile Turret  
  70  8:47  Missile Turret  
  70  8:49  SCV, Missile Turret  
  70  8:50  Widow Mine x2  
  69  8:59  Missile Turret  
  69  9:07  Missile Turret  
  69  9:14  SCV x2  
  66  9:20  Liberator  
  68  9:26  SCV  
  66  10:08  SCV x2  
  68  10:20  SCV x2  
  70  10:35  Supply Depot  
  70  10:36  Supply Depot  
  70  10:48  Supply Depot  
  70  10:57  Liberator, SCV x2  
  64  11:26  Liberator  
  64  11:28  SCV x2  
  69  11:33  Command Center  
  69  11:39  Liberator  
  69  11:43  SCV x2  
  74  11:55  SCV  
  74  11:59  Supply Depot  
  71  12:09  Liberator  
  74  12:22  Liberator  
  74  12:52  Liberator  
  77  13:04  Widow Mine x3  
  77  13:05  Liberator  
  76  13:25  Widow Mine  
  78  13:35  Liberator  
  81  13:45  Widow Mine  
  81  13:46  Widow Mine  
  81  13:47  Widow Mine  
  81  13:48  Planetary Fortress, Liberator  
  90  13:58  Missile Turret x2  
  90  14:01  Refinery  
  90  14:03  Refinery, Missile Turret x2  
  90  14:05  SCV x2  
  90  14:07  Widow Mine x2  
  97  14:17  SCV x2  
  98  14:29  SCV x2  
  100  14:38  Battlecruiser x2  
  112  14:41  SCV  
  109  15:32  Hellion  
  109  15:33  Hellion x2  
  92  15:54  Hellion  
  92  15:55  Hellion x2  
  73  16:24  Orbital Command  
  73  16:50  Starport Tech Lab  
  73  16:51  Fusion Core  
  73  17:19  Supply Depot  
  73  17:20  Supply Depot  
  73  17:21  Supply Depot  
  73  17:23  Supply Depot x2  
  73  17:26  Supply Depot, Command Center, Factory Reactor  
  73  17:44  SCV  
  73  17:45  Hellion  
  68  17:58  Orbital Command  
  68  18:15  SCV  
  69  18:21  Battlecruiser  
  75  18:27  SCV  
  75  18:30  Command Center  
  75  18:33  Starport Tech Lab  
  76  18:39  SCV x2  
  78  18:50  SCV  
  78  18:51  SCV x2  
  78  18:53  Battlecruiser  
  87  19:02  SCV  
  88  19:03  SCV x2  
  90  19:14  SCV  
  90  19:15  SCV x2  
  93  19:34  SCV x2  
  93  19:35  SCV  
  90  19:42  Battlecruiser  
  85  20:30  Battlecruiser  
  91  20:40  Hellion x2  
  91  20:41  Hellion x2  
  99  20:46  Battlecruiser  
  105  20:59  Weapon Refit  
  105  21:24  Hellion x2  
  105  21:25  Hellion  
  107  21:29  SCV  
  108  21:50  Refinery, Supply Depot  
  108  22:12  Hellion x3, SCV x2  
  112  22:18  Battlecruiser  
Tags
 
Add a new tag
Caveats
  • Supply blocks, unpowered buildings, or Contaminate may cause inaccurate times.
  • Supply counts are checked every 10 seconds.